 Dungeon Crawl Stone Soup version 0.23-a0-489-g205b0b6 (webtiles) character file.

1301 Skuilla the Skirmisher (level 8, -8/73 HPs)
             Began as a Minotaur Berserker on Dec 2, 2018.
             Was a Priest of Trog.
             Mangled by an orc warrior
             ... wielding a +0 glaive
              (21 damage)
             ... on level 6 of the Dungeon.
             The game lasted 00:17:12 (4970 turns).

Skuilla the Skirmisher (Minotaur Berserker)         Turns: 4970, Time: 00:17:13

Health: -8/73      AC:  7    Str: 24    XL:     8   Next: 31%
Magic:  7/7        EV: 12    Int:  4    God:    Trog [***...]
Gold:   242        SH:  0    Dex: 10    Spells: 7/7 levels left

rFire    . . .     SeeInvis .   q - +0 war axe
rCold    . . .     Gourm    .   (no shield)
rNeg     . . .     Faith    .   f - +0 ring mail
rPois    .         Spirit   .   (helmet restricted)
rElec    .         Reflect  .   (no cloak)
rCorr    .         Harm     .   (no gloves)
MR       .....                  h - +0 pair of boots
Stlth    ..........             (no amulet)
HPRegen  0.22/turn              (no ring)
MPRegen  0.10/turn              (no ring)

@: heavily drained
A: retaliatory headbutt, horns 2
a: Berserk, Trog's Hand, Renounce Religion


You were on level 6 of the Dungeon.
You worshipped Trog.
Trog was most pleased with you.
You were not hungry.

You visited 1 branch of the dungeon, and saw 6 of its levels.

You collected 242 gold pieces.

Inventory:

Hand Weapons
 n - a +0 flail
 q - a +0 war axe (weapon)
Armour
 f - a +0 ring mail (worn)
 h - a +0 pair of boots (worn)
Scrolls
 a - a scroll of fear {unknown}
 d - 8 scrolls of identify {unknown}
 e - 4 scrolls of teleportation
 i - 2 scrolls of enchant weapon {unknown}
 k - 2 scrolls of magic mapping {unknown}
 o - a scroll of immolation {unknown}
 p - 2 scrolls of remove curse {unknown}
Potions
 b - a potion of brilliance {unknown}
 g - a potion of might {unknown}
 l - a potion of agility {unknown}
 m - a potion of heal wounds {unknown}
Comestibles
 c - 10 rations


   Skills:
 + Level 7.1(5.1) Fighting
 * Level 7.0(5.0) Axes
 + Level 6.4(4.4) Armour
 + Level 5.9(3.9) Dodging


You had 7 spell levels left.
You didn't know any spells.
Your spell library was empty.

Dungeon Overview and Level Annotations

Branches:
Dungeon (6/15)
 Temple: D:4-7

Altars:
Ashenzari
Okawaru
Xom


Innate Abilities, Weirdness & Mutations

You reflexively headbutt those who attack you in melee.
You have a pair of horns on your head.


Message History

You slash the orc warrior! Your headbutt misses the orc warrior.
The orc warrior is moderately wounded.
The orc warrior hits you with a +0 glaive!
You hit the orc warrior but do no damage.
The orc warrior is moderately wounded.
An orc comes into view. It is wielding a +0 whip.
The orc warrior hits you with a +0 glaive!!
The orc shouts!
You hit the orc warrior but do no damage.
You headbutt the orc warrior.
The orc warrior is moderately wounded.
The orc warrior barely misses you.
You hit the orc warrior but do no damage.
Your headbutt misses the orc warrior.
The orc warrior is moderately wounded.
The orc warrior hits you from afar with a +0 glaive!
* * * LOW HITPOINT WARNING * * *
There is a stone staircase leading up here.
The orc warrior hits you from afar with a +0 glaive!!
You die...

## ### #.#
##.###.#
##...#.#
#.@.o[#
##..)#.#
#......o.....#
######.####.##
#.# #+#


You could see an orc warrior and an orc.

Vanquished Creatures
  The ghost of Lavandula the Gusty, an amateur NaAE of Ru (D:5)
  An ice beast (D:3)
  A phantom (D:4)
  An ogre (D:5)
  4 killer bees (D:5)
  2 scorpions (D:4)
  5 crimson imps (D:5)
  3 hounds (D:4)
  A jelly (D:5)
  3 iguanas (D:5)
  A worker ant (D:4)
  7 adders
  6 gnolls
  2 shadow imps (D:5)
  An adder zombie (D:5)
  An adder skeleton (D:4)
  2 dart slugs (D:2)
  5 leopard geckos
  11 orcs
  2 ball pythons
  8 bats
  4 giant cockroaches
  6 goblins
  5 hobgoblins
  6 jackals
  13 kobolds
  3 quokkas
  5 frilled lizards
  6 rats
116 creatures vanquished.

Notes
Turn   | Place    | Note
-------+----------+-------------------------------------------
     0 | D:1      | Skuilla the Minotaur Berserker began the quest for the Orb.
     0 | D:1      | Reached XP level 1. HP: 19/19 MP: 0/0
   366 | D:1      | Reached XP level 2. HP: 25/27 MP: 1/1
  1072 | D:2      | Reached XP level 3. HP: 33/33 MP: 2/2
  1087 | D:2      | Reached ** piety under Trog
  1444 | D:2      | Reached XP level 4. HP: 32/41 MP: 3/3
  2501 | D:3      | Reached XP level 5. HP: 44/47 MP: 4/4
  2534 | D:3      | Noticed an ice beast
  2537 | D:3      | Killed an ice beast
  2537 | D:3      | Reached skill level 5 in Fighting
  2660 | D:3      | Reached skill level 5 in Axes
  2958 | D:4      | Noticed a phantom
  2966 | D:4      | Killed a phantom
  2966 | D:4      | Reached XP level 6. HP: 55/56 MP: 5/5
  3300 | D:4      | Found a shattered altar of Ashenzari.
  3334 | D:4      | Reached *** piety under Trog
  3343 | D:4      | Reached skill level 5 in Armour
  3343 | D:4      | Reached XP level 7. HP: 62/62 MP: 6/6
  3425 | D:4      | Found an iron altar of Okawaru.
  3605 | D:5      | Entered Level 5 of the Dungeon
  3712 | D:5      | Reached skill level 5 in Dodging
  3880 | D:5      | Found a transporter.
  3882 | D:5      | Found a transporter.
  3883 | D:5      | Noticed Lavandula's ghost (amateur NaAE)
  4260 | D:5      | Found a shimmering altar of Xom.
  4431 | D:5      | Reached XP level 8. HP: 66/71 MP: 7/7
  4451 | D:5      | Killed Lavandula's ghost
  4970 | D:6      | Mangled by an orc warrior

Vault maps used:
D:1:      minmay_arrival_three_doors
D:2:      serial_forest, infiniplex_forest_straight_4, infiniplex_forest_split,
          infiniplex_forest_lined_ring, infiniplex_forest_clump_curved,
          infiniplex_forest_corner_1, infiniplex_forest_end_1, minmay_liquid_box
D:4:      ashenzari_conservatory_becter, old_standard_altar
D:5:      gammafunk_ghost_hive, first_ration, led_xom_imps
D:6:      minmay_temple_entry_mini_moons, uniq_grinder, uniq_blork_the_orc

Skill      XL: |  1  2  3  4  5  6  7  8 |
---------------+-------------------------+-----
Fighting       | 4 5 6 7 |  7.1
Axes           | 4 5 6 7 |  7.0
Armour         | 3 4 5 6 |  6.4
Dodging        | 3 4 5 |  5.9

Action                   |  1- 3 |  4- 6 |  7- 9 || total
-------------------------+-------+-------+-------++-------
Melee: Hand axe          |    62 |   118 |    44 ||   224
       Headbutt          |    14 |    19 |    14 ||    47
       War axe           |       |       |    75 ||    75
Invok: Berserk           |     2 |     6 |     2 ||    10
       Trog's Hand       |       |       |     1 ||     1
  Use: Scroll            |       |       |     1 ||     1
 Stab: Sleeping          |     1 |       |       ||     1
  Eat: Chunk             |     4 |    10 |     5 ||    19
       Ration            |       |       |     1 ||     1
Armor: Animal skin       |     9 |       |       ||     9
       Ring mail         |     3 |    48 |    35 ||    86
Dodge: Dodged            |    50 |    80 |    81 ||   211

Table legend:
 A = Non-vault XP
 B = Vault XP
 C = Vault XP percentage of total XP
 D = Non-vault monster count
 E = Vault monster count
 F = Vault count percentage of total count
                 A         B        C        D         E       F
            +---------+---------+-------+---------+---------+-------
      Total |    1230 |     629 |  33.8 |     107 |       9 |   7.8
            +---------+---------+-------+---------+---------+-------
        D:1 |      29 |       0 |   0.0 |      15 |       0 |   0.0
        D:2 |     115 |       0 |   0.0 |      28 |       0 |   0.0
        D:3 |     201 |       0 |   0.0 |      30 |       0 |   0.0
        D:4 |     469 |       0 |   0.0 |      13 |       0 |   0.0
        D:5 |     413 |     629 |  60.4 |      20 |       9 |  31.0
        D:6 |       3 |       0 |   0.0 |       1 |       0 |   0.0
            +---------+---------+-------+---------+---------+-------
